 Dungeon Crawl Stone Soup version 0.18-a0-1551-g40744a8 (webtiles) character file.

1831 George the Cleaver (level 9, -1/74 HPs)
             Began as a Hill Orc Gladiator on Mar 10, 2016.
             Was an Initiate of Makhleb.
             Slain by an orc warrior
             ... wielding a +0 broad axe
              (15 damage)
             ... on level 7 of the Dungeon on Mar 11, 2016.
             The game lasted 00:13:12 (7727 turns).

George the Cleaver (Hill Orc Gladiator)             Turns: 7727, Time: 00:13:12

Health: -1/74      AC: 10    Str: 21    XL:     9   Next: 11%
Magic:  9/9        EV:  8    Int:  8    God:    Makhleb [......]
Gold:   416        SH:  0    Dex: 11    Spells: 0 memorised, 8 levels left

rFire  . . .     SeeInvis .     a - +0 war axe
rCold  . . .     Gourm    +     h - +0 chain mail
rNeg   + . .     Faith    .     (no shield)
rPois  .         Spirit   .     c - +0 helmet
rElec  .         Dismiss  .     (no cloak)
rCorr  .         Reflect  .     (no gloves)
SustAt .         Harm     .     (no boots)
MR     .....                    E - amulet of the gourmand
Stlth  ..........               s - ring of wizardry
                                n - ring of positive energy

@: not resistant to hostile enchantments, extremely unstealthy
A: no striking features
a: Renounce Religion


You were on level 7 of the Dungeon.
You worshipped Makhleb.
Makhleb was noncommittal.
You were very full.

You visited 2 branches of the dungeon, and saw 8 of its levels.

You collected 416 gold pieces.

Inventory:

Hand Weapons
 a - a +0 war axe (weapon)
Missiles
 d - 3 throwing nets
 w - 8 steel javelins
 x - 5 tomahawks (quivered)
 D - 6 steel tomahawks
Armour
 c - a +0 helmet (worn)
 h - a +0 chain mail (worn)
Jewellery
 n - a ring of positive energy (left hand)
 s - a ring of wizardry (right hand)
 z - an uncursed amulet of magic regeneration
 E - an amulet of the gourmand (around neck)
 H - an uncursed ring of ice
Wands
 K - a wand of digging (13/24)
Scrolls
 g - a scroll of teleportation {unknown}
 i - 3 scrolls of enchant weapon {unknown}
 l - 7 scrolls of remove curse {unknown}
 m - 3 scrolls of recharging {unknown}
 o - a scroll of amnesia {unknown}
 p - a scroll of noise {unknown}
 r - 2 scrolls of magic mapping {unknown}
 t - 4 scrolls of enchant armour {unknown}
 y - 2 scrolls of blinking {unknown}
 A - 5 scrolls of identify {unknown}
Potions
 j - a potion of cancellation {unknown}
 k - 3 potions of curing
 q - 3 potions of flight
 u - a potion of lignification {unknown}
 C - 2 potions of haste {unknown}
 F - a potion of might {unknown}
 I - a potion of degeneration {unknown}
 J - a potion of cure mutation {unknown}
 L - a potion of agility {unknown}
Comestibles
 f - 6 bread rations
 v - 4 meat rations
 G - a beef jerky


   Skills:
 + Level 5.4 Fighting
 + Level 12.7 Axes
 - Level 1.7 Throwing
 + Level 4.7 Armour
 - Level 2.4 Dodging
 + Level 1.1 Invocations


You had 8 spell levels left.
You didn't know any spells.

Dungeon Overview and Level Annotations

Branches:
Dungeon (7/15)             Temple (1/1) D:6

Altars:
Ashenzari
Dithmenos
Elyvilon
Fedhas
Gozag
Kikubaaqudgha
Makhleb
Nemelex Xobeh
Okawaru
Pakellas
Ru
Sif Muna
Trog
Vehumet
Xom
Yredelemnul
Zin
The Shining One

Shops:
D:6 %   D:7 =


Message History

The orc warrior is moderately wounded.
The orc warrior hits you with a broad axe!!
You hit the orc warrior but do no damage.
The orc warrior is moderately wounded.
You closely miss the orc warrior.
The orc warrior is moderately wounded.
The orc warrior hits you with a broad axe!
You hit the orc warrior.
The orc warrior is heavily wounded.
The orc warrior hits you with a broad axe!
* * * LOW HITPOINT WARNING * * *
You slash the orc warrior!
The orc warrior is almost dead.
You hit the orc warrior.
The orc warrior is almost dead.
The orc warrior hits you but does no damage.
You closely miss the orc warrior.
The orc warrior is almost dead.
The orc warrior hits you with a broad axe!
You die...

#.# #######.# ##'####
#.......#
#.....##########.#######
#.....##.........#
#.....##.#########
#.....##.# # #.....##.#
####.#.(...##.#
...........o@.# #.#
#####.#.####### #.#.###
#.#.# #.# ...##.#.## #.#
#.......# ######### #.#
#..#.#..####....≈≈≈##
#.#
#....#.........≈≈≈≈≈##
#.#
##.#.....###...≈≈∩...#
#.#####.#.....#
####≈≈≈≈≈.#


You could see an orc warrior.

Vanquished Creatures
  Grinder (D:6)
  Eustachio (D:6)
  An ice beast (D:5)
  A phantom (D:6)
  An orc warrior (D:5)
  2 black bears (D:6)
  An ogre (D:4)
  A centaur (D:5)
  A giant frog (D:5)
  2 scorpions
  An electric eel (D:6)
  2 giant frog zombies
  A centaur zombie (D:6)
  A hound (D:7)
  2 gnoll shamans
  An orc priest (D:5)
  A giant frog skeleton (D:4)
  Ijyb (D:2)
  An iguana (D:6)
  A worker ant (D:6)
  An orc wizard (D:7)
  A killer bee zombie (D:5)
  A hound zombie (D:7)
  7 gnolls
  5 adders
  A howler monkey skeleton (D:4)
  2 shadow imps
  3 oozes
  2 adder zombies
  An adder skeleton (D:4)
  2 worms
  A dart slug (D:2)
  A giant gecko (D:5)
  14 orcs
  3 giant cockroaches
  9 goblins
  12 hobgoblins
  20 jackals
  3 quokkas
  2 ball pythons (D:3)
  2 bats
  6 giant newts
  5 kobolds
  A quokka skeleton (D:4)
  10 rats
  A spectral orc (D:5)
140 creatures vanquished.

Vanquished Creatures (others)
  A phantom (D:6)
  A quokka (D:6)
2 creatures vanquished.

Grand Total: 142 creatures vanquished

Notes
Turn   | Place    | Note
--------------------------------------------------------------
     0 | D:1      | George the Hill Orc Gladiator began the quest for the Orb.
     0 | D:1      | Reached XP level 1. HP: 18/18 MP: 1/1
    91 | D:1      | Reached XP level 2. HP: 13/25 MP: 2/2
   334 | D:1      | Reached skill level 5 in Axes
   423 | D:1      | Reached XP level 3. HP: 30/30 MP: 3/3
   970 | D:2      | Reached skill level 6 in Axes
   972 | D:2      | Noticed Ijyb
   985 | D:2      | Killed Ijyb
   985 | D:2      | Reached XP level 4. HP: 12/37 MP: 4/4
  1028 | D:2      | Reached skill level 7 in Axes
  1028 | D:2      | Reached XP level 5. HP: 11/42 MP: 5/5
  1955 | D:2      | Found a deep blue altar of Sif Muna.
  2006 | D:2      | Reached skill level 8 in Axes
  2098 | D:3      | Upgraded the game from 0.18-a0-1542-g9c1a92e to 0.18-a0-1551-g40744a8
  2269 | D:3      | Found a radiant altar of Vehumet.
  2443 | D:3      | Found a white marble altar of Elyvilon.
  2463 | D:3      | Found a blossoming altar of Fedhas.
  2463 | D:3      | Found a bloodstained altar of Trog.
  2769 | D:4      | Reached XP level 6. HP: 27/50 MP: 6/6
  2940 | D:4      | Reached skill level 9 in Axes
  3768 | D:5      | Entered Level 5 of the Dungeon
  3944 | D:5      | Noticed an ice beast
  3952 | D:5      | Killed an ice beast
  3952 | D:5      | Reached skill level 10 in Axes
  3952 | D:5      | Reached XP level 7. HP: 56/56 MP: 7/7
  4623 | D:5      | Reached skill level 11 in Axes
  5529 | D:5      | Found a basalt altar of Yredelemnul.
  5607 | D:6      | Reached skill level 1 in Armour
  5607 | D:6      | Reached XP level 8. HP: 54/62 MP: 8/8
  5661 | D:6      | Noticed Eustachio
  5695 | D:6      | Killed Eustachio
  5705 | D:6      | Reached skill level 12 in Axes
  6017 | D:6      | Noticed Grinder
  6041 | D:6      | Paralysed by Grinder for 6 turns
  6054 | D:6      | Killed Grinder
  6404 | D:6      | Reached skill level 5 in Fighting
  6501 | D:6      | Found Deromp's Food Emporium.
  6621 | D:5      | Reached XP level 9. HP: 28/74 MP: 9/9
  6988 | D:6      | Found a staircase to the Ecumenical Temple.
  6997 | Temple   | Entered the Ecumenical Temple
  7022 | Temple   | Became a worshipper of Makhleb the Destroyer
  7364 | D:6      | Found a white marble altar of Elyvilon.
  7540 | D:7      | Reached skill level 1 in Invocations
  7586 | D:7      | Found Poluh's Jewellery Shop.
  7727 | D:7      | Slain by an orc warrior

Vault maps used:
D:1:      nagdon_arrival_double_spiral, roderic_lattice_a
D:2:      lemuel_blue_sif_altar, minivault_4, guppyfry_early_orc_mine, uniq_iyjb
D:3:      nicolae_overflow_hidden_temple, nicolae_overflow_crystal_walls,
          gammafunk_temple_overflow_elements, glass_columns_a
D:5:      yredelemnul_forgotten_temple_becter, first_bread
D:6:      lemuel_temple_firewalk_marked, serial_shops, nicolae_shop_stone,
          hangedman_glass_teeth, fountainhead, elyvilon_altar_4, uniq_eustachio,
          uniq_grinder
D:7:      serial_shops, nicolae_shop_waterfront
Temple:   chequers_temple_sunken_temple

Skill      XL: |  1  2  3  4  5  6  7  8  9 |
---------------+----------------------------+-----
Axes           | 5 6 7 8 10 11 12 | 12.7
Armour         | 1 4 |  4.7
Fighting       | 5 |  5.4
Invocations    | 1 |  1.1
Throwing       | |  1.7
Dodging        | |  2.4

Action                   |  1- 3 |  4- 6 |  7- 9 || total
-------------------------+-------+-------+-------++-------
Melee: War axe           |   110 |   214 |   218 ||   542
Throw: Tomahawk          |       |       |    12 ||    12
       Throwing net      |       |       |     1 ||     1
  Use: Potion            |       |       |     2 ||     2
 Stab: Held in net/web   |       |       |     1 ||     1
  Eat: Chunk             |       |    10 |    20 ||    30
